 Dungeon Crawl Stone Soup version 0.25-a0-189-gf71692caf1 (webtiles) character file.

Game seed: 10356963514646634577, levelgen mode: deterministic

5110 RedPan the Frost Mage (level 10, -2/80 HPs)
             Began as a Grey Draconian Ice Elementalist on Nov 29, 2019.
             Was a Priest of Vehumet.
             Slain by a yak (9 damage)
             ... on level 9 of the Dungeon.
             The game lasted 00:33:43 (10068 turns).

RedPan the Frost Mage (DrIE)                       Turns: 10068, Time: 00:33:43

Health: -2/80      AC: 14    Str:  9    XL:     10   Next: 32%
Magic:  6/22       EV: 13    Int: 18    God:    Vehumet [***...]
Gold:   156        SH:  0    Dex: 12    Spells: 16/25 levels left

rFire    . . .     SeeInvis +   B - +7 rapier of Dishonesty {pierce, rElec rC+ Str-4}
rCold    + + .     Gourm    .   (no shield)
rNeg     . . .     Faith    .   (armour unavailable)
rPois    .         Spirit   .   G - +1 hat {SInv}
rElec    +         Reflect  .   d - scarf {repulsion}
rCorr    .         Harm     .   A - +0 pair of gloves
MR       +....                  (no boots)
Stlth    ++........             (no amulet)
HPRegen  0.23/turn              q - ring of wizardry
MPRegen  0.18/turn              (no ring)

@: about to teleport, very slightly contaminated, repel missiles
A: walk through water, unfitting armour, cold resistance 1, magic resistance 1,
strong 1, unbreathing, cold-blooded, AC +12
a: Renounce Religion


You were on level 9 of the Dungeon.
You worshipped Vehumet.
Vehumet was most pleased with you.
You were hungry.

You visited 2 branches of the dungeon, and saw 10 of its levels.
You also visited: Ossuary.

You collected 639 gold pieces.
You spent 483 gold pieces at shops.

Inventory:

Hand Weapons
 c - a +0 spear
 g - a +3 dagger of freezing
 o - a +1 dagger of speed
 p - a +0 lajatang
 v - a +2 flail of pain
 z - the +0 falchion of Hexizis {distort, rElec Str+3 Int+4}
   (You bought it in a shop on level 7 of the Dungeon)

   It warps and distorts space around it.
   Unwielding it can cause banishment or high damage.
   It affects your strength (+3).
   It affects your intelligence (+4).
   It insulates you from electricity.
 B - the +7 rapier of Dishonesty (weapon) {pierce, rElec rC+ Str-4}
   (You bought it in a shop on level 7 of the Dungeon)

   It inflicts extra damage upon your enemies.
   It affects your strength (-4).
   It protects you from cold.
   It insulates you from electricity.
Armour
 d - a scarf of repulsion (worn)
 s - a +0 shield
 A - a +0 pair of gloves (worn)
 G - a +1 hat of see invisible (worn)
Jewellery
 n - an uncursed ring of fire
 q - a ring of wizardry (left hand)
Wands
 m - a wand of polymorph (5)
 y - a wand of random effects (18)
 E - a wand of flame (49)
 K - a wand of acid (8)
Scrolls
 e - 2 scrolls of identify
 f - 2 scrolls of amnesia
 h - 6 scrolls of teleportation
 i - 3 scrolls of remove curse
 l - 5 scrolls of enchant armour
 w - a scroll of enchant weapon
 C - a scroll of magic mapping
 J - a scroll of blinking
Potions
 a - 3 potions of curing
 j - a potion of cancellation
 k - a potion of flight
 r - 2 potions of mutation
 t - 2 potions of haste
 x - 2 potions of might
 D - a potion of agility
 F - a potion of lignification
 H - a potion of invisibility
Comestibles
 b - 16 rations
 I - 7 chunks of flesh


   Skills:
 - Level 4.5 Fighting
 + Level 2.6 Dodging
 - Level 2.0 Stealth
 + Level 8.4 Spellcasting
 + Level 5.0 Conjurations
 - Level 5.0 Summonings
 + Level 9.4 Ice Magic


You had 16 spell levels left.
You knew the following spells:

 Your Spells              Type           Power        Failure   Level  Hunger
a - Freeze                Ice            ####         1%          1    None
b - Summon Ice Beast      Ice/Summ       ####....     1%          4    ###....
c - Throw Icicle          Conj/Ice       ####....     1%          4    ###....

Your spell library contained the following spells:

 Spells                   Type           Power        Failure   Level  Hunger
 Inner Flame              Hex/Fire       #.......     3%          3    None
 Throw Frost              Conj/Ice       ####..       1%          2    None
 Ozocubu's Armour         Chrm/Ice       ###.....     1%          3    None


Dungeon Overview and Level Annotations

Branches:
Dungeon (9/15)             Temple (1/1) D:4         Ossuary (visited)
   Lair: D:8-11         Orc: D:9-12

Altars:
Ashenzari
Cheibriados
Dithmenos
Elyvilon
Fedhas
Gozag
Hepliaklqana
Kikubaaqudgha
Makhleb
Nemelex Xobeh
Okawaru
Qazlal
Ru
Sif Muna
Trog
Uskayaw
Vehumet
Wu Jian
Xom
Yredelemnul
Zin
The Shining One

Shops:
D:7 ![!%(

Annotations:
D:4 2 transporters


Innate Abilities, Weirdness & Mutations

You can walk through water.
Your dull iron-grey scales are very hard. (AC +12)
You cannot fit into any form of body armour.
You can survive without breathing.
You are cold-blooded and may be slowed by cold attacks.
Your flesh is cold resistant. (rC+)
You are resistant to hostile enchantments. (MR+)
Your muscles are strong. (Str +2)


Message History

Your ice beast dies!
Unknown command.
You hit the yak.
The yak is severely wounded.
The yak gores you but does no damage.
Unknown command.
You hit the yak.
The yak is severely wounded.
The yak closely misses you. The yak gores you!
Unknown command.
As you read the scroll of teleportation, it crumbles to dust.
You feel strangely unstable. The yak closely misses you.
The yak gores you but does no damage. The yak closely misses you.
The yak gores you!
* * * LOW HITPOINT WARNING * * *
The yak gores you but does no damage. The yak gores you.
* * * LOW HITPOINT WARNING * * *
The yak closely misses you. The yak gores you but does no damage.
The yak gores you!
You die...

#.. #...###.#...#.###...#
###..###.#.#...........#.#.##
...........###.#...#.###.....
......(..$.....##.##)........
..........#.#........)#..###
..........#.....#.#..(...#
..........###†#.#)#.#(#..#
..........###Y5.###.÷.#..#
..........##@Y#..........#
....>.....##Y###.#...(...#
................)))####..#
..............>...## ..#
.######..# ..# .. #..# .# ..
#.<#####..#
....######..........
.....(............


You could see 3 yaks and a crimson imp.

Vanquished Creatures
  Harold (D:7)
  Duvessa (D:7)
  An orc warrior (D:9)
  2 ice beasts
  3 sky beasts
  A phantom (D:7)
  An ogre (D:7)
  4 centaurs
  An elf zombie (Ossuary)
  A big kobold (D:8)
  2 bullfrogs (D:6)
  Dowan (D:7)
  3 killer bees (D:7)
  A scorpion (D:6)
  A water moccasin skeleton (D:8)
  2 howler monkeys (D:5)
  2 crimson imps
  A centaur zombie (Ossuary)
  3 jellies
  2 hounds
  2 bullfrog skeletons
  3 human zombies (Ossuary)
  2 orc priests
  An orc wizard (D:8)
  Terence (D:3)
  8 worker ants
  Ijyb (D:2)
  A killer bee zombie (D:6)
  2 hound skeletons
  A mummy (Ossuary)
  5 adders
  2 gnolls (D:5)
  A howler monkey skeleton (D:5)
  An ooze (D:3)
  An adder skeleton (D:6)
  4 worms
  3 dart slugs
  7 leopard geckos
  6 orcs
  4 ball pythons
  8 bats
  7 giant cockroaches
  8 goblins
  9 hobgoblins
  7 jackals
  2 quokkas (D:7)
  A ball python skeleton (D:6)
  A frilled lizard (D:1)
  A jackal skeleton (D:6)
  4 kobolds
  A quokka skeleton (D:5)
  7 rats
146 creatures vanquished.

Vanquished Creatures (collateral kills)
  Gastronok (D:8)
  Joseph (D:8)
  A hippogriff (D:9)
  3 yaks (D:9)
  Menkaure (D:7)
  2 sky beasts
  A phantom (D:5)
  3 ogres
  A centaur (D:9)
  A wight (D:9)
  3 centaur zombies (Ossuary)
  A hound (D:9)
  4 orc priests
  A bullfrog skeleton (D:5)
  7 orc wizards
  2 mummies (Ossuary)
  A worker ant zombie (D:5)
  9 gnolls
  2 adders
  5 orcs
  A ball python (D:5)
51 creatures vanquished.

Vanquished Creatures (others)
  4 toadstools (D:1)
4 creatures vanquished.

Grand Total: 201 creatures vanquished

Notes
Turn   | Place    | Note
-------+----------+-------------------------------------------
     0 | D:1      | RedPan the Draconian Ice Elementalist began the quest for
                  | the Orb.
     0 | D:1      | Reached XP level 1. HP: 14/14 MP: 3/3
   192 | D:1      | Reached XP level 2. HP: 18/20 MP: 0/5
   615 | D:1      | Reached XP level 3. HP: 21/26 MP: 6/6
  1408 | D:2      | Reached XP level 4. HP: 33/33 MP: 5/8
  1414 | D:2      | Learned a level 4 spell: Summon Ice Beast
  1589 | D:2      | Reached skill level 4 in Ice Magic
  2134 | D:3      | Found a glowing golden altar of the Shining One.
  2223 | D:3      | Noticed Ijyb
  2226 | D:3      | Noticed Terence
  2286 | D:2      | Killed Ijyb
  2286 | D:2      | Reached skill level 1 in Summonings
  2332 | D:3      | Killed Terence
  2332 | D:3      | Reached XP level 5. HP: 36/38 MP: 2/10
  2751 | D:4      | Found a hide-covered altar of Uskayaw.
  2792 | D:4      | Found a staircase to the Ecumenical Temple.
  2813 | Temple   | Entered the Ecumenical Temple
  2999 | Temple   | Became a worshipper of Vehumet
  3042 | D:4      | Found a sand-covered staircase.
  3135 | Ossuary  | Entered an ossuary
  3214 | Ossuary  | Gained mutation: You are dopey. (Int -2) [potion of
                  | mutation]
  3214 | Ossuary  | Gained mutation: Scrolls take you a little longer to read.
                  | [potion of mutation]
  3214 | Ossuary  | Gained mutation: You are frail. (-10% HP) [potion of
                  | mutation]
  3214 | Ossuary  | Gained mutation: Your flesh is cold resistant. (rC+)
                  | [potion of mutation]
  3215 | Ossuary  | HP: 1/34 [elf zombie (3)]
  3221 | Ossuary  | Reached XP level 6. HP: 8/40 MP: 2/12
  3228 | Ossuary  | Lost mutation: You are dopey. (Int -2) [potion of mutation]
  3228 | Ossuary  | Lost mutation: Scrolls take you a little longer to read.
                  | [potion of mutation]
  3228 | Ossuary  | Lost mutation: You are frail. (-10% HP) [potion of
                  | mutation]
  3228 | Ossuary  | Gained mutation: Your muscles are strong. (Str +2) [potion
                  | of mutation]
  3228 | Ossuary  | Gained mutation: You are resistant to hostile enchantments.
                  | (MR+) [potion of mutation]
  3500 | Ossuary  | Reached skill level 5 in Ice Magic
  3839 | D:4      | Found a transporter.
  3843 | D:4      | Found a transporter.
  3843 | D:4      | Found a bloodstained altar of Trog.
  3843 | D:4      | Noticed a vampire mosquito
  3845 | D:4      | Found a glowing silver altar of Zin.
  4062 | D:4      | Your scales start taking on a dull iron-grey colour.
  4062 | D:4      | Reached XP level 7. HP: 50/50 MP: 8/13
  4062 | D:4      | Gained mutation: You can survive without breathing. [Grey
                  | Draconian growth]
  4446 | D:4      | Found an iron altar of Okawaru.
  4825 | D:5      | Entered Level 5 of the Dungeon
  4888 | D:5      | Reached skill level 5 in Spellcasting
  4948 | D:5      | Reached skill level 6 in Ice Magic
  4960 | D:5      | Reached * piety under Vehumet
  4960 | D:5      | Offered knowledge of Sting by Vehumet.
  5034 | D:5      | Reached XP level 8. HP: 52/57 MP: 3/16
  5077 | D:5      | Found a burning altar of Makhleb.
  5081 | D:5      | Found a shattered altar of Ashenzari.
  5581 | D:5      | Found a white marble altar of Elyvilon.
  5690 | D:5      | Learned a level 4 spell: Throw Icicle
  5698 | D:6      | Reached skill level 5 in Summonings
  5725 | D:6      | Found a snail-covered altar of Cheibriados.
  6134 | D:6      | Reached skill level 7 in Ice Magic
  7107 | D:7      | Found Etaut's Antique Weapon Shoppe.
  7113 | D:7      | Bought a pitted falchion for 144 gold pieces
  7113 | D:7      | Bought an ichor-stained rapier for 162 gold pieces
  7113 | D:7      | Identified the cursed +0 falchion of Hexizis {distort,
                  | rElec Str+3 Int+4} (You bought it in a shop on level 7 of
                  | the Dungeon)
  7115 | D:7      | Identified the +7 rapier of Dishonesty {pierce, rElec rC+
                  | Str-4} (You bought it in a shop on level 7 of the Dungeon)
  7215 | D:7      | Noticed Menkaure
  7228 | D:7      | Killed Menkaure
  7234 | D:7      | Offered knowledge of Shock by Vehumet.
  7234 | D:7      | Reached ** piety under Vehumet
  7425 | D:7      | Found Aniuboolie's Distillery.
  7432 | D:7      | Bought a potion of heal wounds for 75 gold pieces
  7432 | D:7      | Bought a potion of agility for 60 gold pieces
  7469 | D:7      | Reached skill level 8 in Ice Magic
  7469 | D:7      | Reached XP level 9. HP: 62/62 MP: 13/19
  7523 | D:7      | Noticed Dowan
  7536 | D:7      | Killed Dowan
  7538 | D:7      | Noticed Duvessa
  7555 | D:7      | Killed Duvessa
  7880 | D:7      | Noticed Harold
  7916 | D:7      | Killed Harold
  8308 | D:7      | Found Eghotix's Distillery.
  8313 | D:7      | Bought a potion of lignification for 42 gold pieces
  8541 | D:7      | Found Amafor's Antique Armour Emporium.
  8725 | D:7      | Found Gooc's Food Boutique.
  9190 | D:8      | Noticed Gastronok
  9231 | D:8      | Killed Gastronok
  9231 | D:8      | Offered knowledge of Inner Flame by Vehumet.
  9231 | D:8      | Reached skill level 9 in Ice Magic
  9231 | D:8      | Reached XP level 10. HP: 58/80 MP: 9/22
  9519 | D:8      | Noticed Joseph
  9530 | D:8      | Killed Joseph
  9852 | D:9      | Reached *** piety under Vehumet
 10061 | D:9      | Reached skill level 5 in Conjurations
 10068 | D:9      | Slain by a yak

Levels and vault maps discovered:
D:1:      lightli_molten_gateway, layout_loops_ring, minmay_gold_behind_fungi,
          minmay_stone_trees_small
D:2:      layout_loops_ring, first_ration
D:3:      layout_loops_cross, marbit_many_paths, serial_bayou_ford_a,
          uniq_terence, uniq_ijyb
D:4:      layout_basic, gammafunk_temple_overflow_arena,
          minmay_temple_entry_mini_moons, chequers_ossuary_entry_cave,
          kennysheep_okawaru_gauntlet
D:5:      layout_cave_pools, grunt_temple_overflow_open, basic_altar
D:6:      layout_gridville, serial_co_window_serial, co_window_paths_b,
          co_window_of_opportunity_a, co_window_of_opportunity_a,
          co_window_paths_a, co_window_of_opportunity_a,
          co_window_of_opportunity_b, co_window_corner_b,
          co_window_of_opportunity_b, co_window_2corner, co_window_cross_2,
          co_window_paths_e, co_window_4corner_b, glass_columns_a,
          glass_columns_a, glass_columns_a, glass_columns_a, glass_columns_a,
          amethyst_killhole, cheibriados_altar_1
D:7:      layout_basic, serial_shops, nicolae_shop_waterfront,
          kennysheep_little_box, kennysheep_mini_moat, shop, nicolae_shop_stone,
          uniq_harold, uniq_duvessa, uniq_menkaure
D:8:      layout_loops_ring, blue_anna_alchemist [blue_anna_fruit_fields,
          blue_anna_fruit_fields], uniq_joseph, uniq_gastronok
D:9:      layout_small_grid, grunt_decor_one_mirror,
          minmay_misc_feat_four_crosses, minmay_fractal_squares_5
Temple:   regret_index_temple_sphere_string

Skill      XL: |  1  2  3  4  5  6  7  8  9 10 |
---------------+-------------------------------+-----
Stealth        | 2 |  2.0
Dodging        | 2 |  2.6
Spellcasting   | 3 4 5 7 8 |  8.4
Ice Magic      | 4 5 6 8 9 |  9.4
Summonings     | 1 2 3 4 5 |  5.0
Fighting       | 4 |  4.5
Conjurations   | 4 5 |  5.0

Action                   |  1- 3 |  4- 6 |  7- 9 | 10-12 || total
-------------------------+-------+-------+-------+-------++-------
Melee: Unarmed           |    12 |    10 |       |       ||    22
       Spear             |    63 |     2 |       |       ||    65
       Tailslap          |     3 |    10 |    20 |     3 ||    36
       Dagger            |       |    92 |    36 |       ||   128
       Flail             |       |       |    76 |       ||    76
       Rapier            |       |       |    57 |    42 ||    99
 Cast: Freeze            |    48 |    46 |   127 |       ||   221
       Summon Ice Beast  |       |    12 |    38 |    15 ||    65
  Use: Scroll            |     7 |     3 |     6 |     2 ||    18
       Potion            |       |     5 |     2 |     1 ||     8
 Stab: Sleeping          |     3 |     5 |     4 |       ||    12
       Confused          |       |     1 |       |       ||     1
       Distracted        |       |       |     1 |       ||     1
  Eat: Chunk             |     2 |     7 |    11 |     4 ||    24
       Ration            |       |     1 |     3 |       ||     4
Armor: Skin              |    28 |    36 |   129 |    37 ||   230
Dodge: Dodged            |    64 |    69 |   202 |    44 ||   379
       Deflected         |     1 |       |    10 |     2 ||    13

Table legend:
 A = Non-vault XP
 B = Vault XP
 C = Vault XP percentage of total XP
 D = Non-vault monster count
 E = Vault monster count
 F = Vault count percentage of total count
                 A         B        C        D         E       F
            +---------+---------+-------+---------+---------+-------
      Total |    4060 |    3240 |  44.4 |     171 |      26 |  13.2
            +---------+---------+-------+---------+---------+-------
        D:1 |      46 |       0 |   0.0 |      25 |       0 |   0.0
        D:2 |      85 |      33 |  28.0 |      24 |       1 |   4.0
        D:3 |      30 |      39 |  56.5 |      11 |       2 |  15.4
        D:4 |     378 |       0 |   0.0 |      12 |       0 |   0.0
        D:5 |     814 |       0 |   0.0 |      29 |       0 |   0.0
        D:6 |     765 |       0 |   0.0 |      29 |       0 |   0.0
        D:7 |     583 |     966 |  62.4 |      16 |       4 |  20.0
        D:8 |     697 |    1592 |  69.6 |      17 |       3 |  15.0
        D:9 |     662 |     288 |  30.3 |       8 |       5 |  38.5
    Ossuary |       0 |     322 | 100.0 |       0 |      11 | 100.0
            +---------+---------+-------+---------+---------+-------
